 Dungeon Crawl Stone Soup version 0.26-a0-667-g92642533e4 (webtiles) character file.

Game seed: 10401907094950486921

3078 PentaManta the Blocker (level 9, -2/51 HPs)
             Began as a Gargoyle Fighter on Oct 18, 2020.
             Was a Believer of Okawaru.
             Shot with an arrow by a centaur (7 damage)
             ... on level 8 of the Dungeon.
             The game lasted 00:27:12 (8785 turns).

PentaManta the Blocker (Gargoyle Fighter)           Turns: 8785, Time: 00:27:13

Health: -2/51      AC: 18    Str: 23    XL:     9   Next: 89%
Magic:  9/9        EV:  9    Int:  9    God:    Okawaru [**....]
Gold:   416        SH: 12    Dex:  9    Spells: 8/8 levels left

rFire    . . .     SeeInvis .   a - +0 flail
rCold    . . .     Faith    .   c - +0 kite shield
rNeg     + . .     Spirit   .   b - +0 scale mail
rPois    ∞         Reflect  .   (no helmet)
rElec    +         Harm     .   y - +1 cloak
rCorr    .         Rampage  .   j - +1 pair of gloves
MR       .....                  A - +0 pair of boots
Stlth    ..........             (no amulet)
HPRegen  0.17/turn              z - ring of flight
MPRegen  0.11/turn              (no ring)

@: no status effects
A: negative energy resistance 1, electricity resistance, unbreathing,
petrification resistance, rot immunity, AC +6
a: Heroism, Renounce Religion, Evoke Flight


You were on level 8 of the Dungeon.
You worshipped Okawaru.
Okawaru was pleased with you.
You visited 2 branches of the dungeon, and saw 10 of its levels.

You collected 416 gold pieces.

Inventory:

Hand Weapons
 a - a +0 flail (weapon)
 d - a +2 hand axe of draining
 k - a +0 dagger
 l - a +0 hunting sling
 t - a +2 quarterstaff of pain
 u - a +0 whip
 G - a +0 mace
Missiles
 s - 117 stones (quivered)
Armour
 b - a +0 scale mail (worn)
 c - a +0 kite shield (worn)
 j - a +1 pair of gloves (worn)
 o - a +0 buckler
 x - a +0 chain mail
 y - a +1 cloak (worn)
 A - a +0 pair of boots (worn)
 H - a +0 plate armour
Jewellery
 z - a ring of flight (left hand)
Wands
 h - a wand of random effects (13)
Scrolls
 e - 3 scrolls of enchant armour
 f - 7 scrolls of remove curse
 g - a scroll of teleportation
 p - a scroll of identify
 D - a scroll of amnesia
Potions
 i - 3 potions of brilliance
 m - a potion of cancellation
 n - 3 potions of flight
 q - a potion of stabbing
 w - 2 potions of magic
 C - a potion of berserk rage {unknown}


   Skills:
 - Level 3.2 Fighting
 * Level 9.7 Maces & Flails
 - Level 3.2 Armour
 * Level 10.8 Shields


You had 8 spell levels left.
You didn't know any spells.
Your spell library contained the following spells:

 Spells                   Type           Power        Failure   Level
 Animate Skeleton         Necr           #.....       86%         1
 Apportation              Tloc           #.....       86%         1
 Corona                   Hex            #......      86%         1
 Summon Small Mammal      Summ           #...         86%         1


Dungeon Overview and Level Annotations

Branches:
Dungeon (9/15)             Temple (1/1) D:6
   Lair: D:8-11         Orc: D:9-12

Altars:
Ashenzari
Cheibriados
Dithmenos
Elyvilon
Fedhas
Gozag
Hepliaklqana
Kikubaaqudgha
Makhleb
Nemelex Xobeh
Okawaru
Qazlal
Ru
Sif Muna
Trog
Wu Jian
Xom
Yredelemnul
Zin

Annotations:
D:7 exclusion: komodo dragon


Innate Abilities, Weirdness & Mutations

You are resistant to torment.
Your stone body is resilient. (AC +6)
You are immune to poison.
You resist negative energy. (rN+)
You are resistant to electric shocks. (rElec)
You can survive without breathing.
You are immune to petrification.
You are immune to rotting.


Message History

The orc wizard gestures at you while chanting.
The puff of frost misses you.
Your surroundings suddenly seem different.
A centaur comes into view.
The centaur shouts!
The centaur wields a +0 shortbow.
The centaur shoots an arrow.
You block the arrow.
Found an arrow.
You see here an arrow.
The centaur shoots an arrow.
You block the arrow.
You see here an arrow.
The centaur shoots an arrow.
The arrow hits you.
* * * LOW HITPOINT WARNING * * *
You see here an arrow.
The centaur shoots an arrow.
You block the arrow.
The centaur shoots an arrow.
You block the arrow.
You see here an arrow.
The centaur shoots an arrow.
You block the arrow.
The centaur shoots an arrow.
The arrow hits you!
You die...

#..<....###......##
#######.##........##
#####.##.......#.#
#....[.........##.
#.######.##.#..... ##.#
#.##.##.### ..# #.......# #.#
###...### #. .# #@# #..o# #.
#.# #.# #...# ####.###.# #.#
#..O# .........# #(# #...#
.........# #.########...#####
.........# #.............oo..
.........# #.................
.......(.#####c................
.......c(.(.....#######...#####


You could see a centaur.

Vanquished Creatures
  A two-headed ogre (D:8)
  Sigmund (D:2)
  3 orc warriors
  3 ice beasts
  3 phantoms
  2 sky beasts (D:7)
  3 centaurs
  A big kobold (D:7)
  3 bullfrogs
  A howler monkey (D:5)
  A bullfrog zombie (D:5)
  A jelly (D:7)
  2 hounds
  An orc priest (D:7)
  A centaur skeleton (D:6)
  A bullfrog skeleton (D:5)
  2 worker ants (D:7)
  4 iguanas
  3 orc wizards (D:7)
  A killer bee zombie (D:7)
  8 adders
  4 gnolls
  4 white imps
  An ufetubus (D:5)
  2 oozes (D:1)
  An adder zombie (D:3)
  2 adder skeletons (D:3)
  2 worms
  2 dart slugs (D:3)
  7 leopard geckos
  16 orcs
  A ball python (D:2)
  7 giant cockroaches
  7 hobgoblins
  A jackal (D:1)
  10 kobolds
  A quokka (D:5)
  10 bats
  9 frilled lizards
  8 goblins
  11 rats
152 creatures vanquished.

Vanquished Creatures (others)
  8 plants (D:7)
8 creatures vanquished.

Grand Total: 160 creatures vanquished

Notes
Turn   | Place    | Note
-------+----------+-------------------------------------------
     0 | D:1      | PentaManta the Gargoyle Fighter began the quest for the
                  | Orb.
     0 | D:1      | Reached XP level 1. HP: 14/14 MP: 1/1
    98 | D:1      | Reached XP level 2. HP: 17/19 MP: 2/2
   308 | D:1      | Reached skill level 4 in Shields
   308 | D:1      | Reached XP level 3. HP: 15/23 MP: 3/3
  1264 | D:2      | Reached XP level 4. HP: 20/28 MP: 4/4
  1597 | D:2      | Noticed Sigmund
  1614 | D:2      | Killed Sigmund
  1614 | D:2      | Reached skill level 5 in Shields
  1614 | D:2      | Reached XP level 5. HP: 14/32 MP: 5/5
  1614 | D:2      | Reached XP level 6. HP: 16/37 MP: 6/6
  2330 | D:3      | Found a shadowy altar of Dithmenos.
  2363 | D:3      | Found a sacrificial altar of Ru.
  3565 | D:4      | Reached skill level 6 in Shields
  3727 | D:5      | Entered Level 5 of the Dungeon
  3758 | D:5      | Reached skill level 5 in Maces & Flails
  3997 | D:5      | Noticed a phantom
  4001 | D:5      | Reached XP level 7. HP: 24/41 MP: 7/7
  4690 | D:5      | Reached skill level 7 in Shields
  5089 | D:6      | Reached XP level 8. HP: 40/46 MP: 8/8
  5119 | D:6      | Found a hazy altar of Hepliaklqana.
  5419 | D:6      | Reached skill level 8 in Shields
  5956 | D:6      | Found a staircase to the Ecumenical Temple.
  6038 | Temple   | Entered the Ecumenical Temple
  6143 | Temple   | Became a worshipper of Warmaster Okawaru
  6636 | D:7      | Noticed a komodo dragon
  6743 | D:7      | Reached skill level 9 in Shields
  7034 | D:7      | Reached XP level 9. HP: 43/51 MP: 9/9
  7427 | D:7      | Found an opulent altar of Gozag.
  7427 | D:7      | Found a blossoming altar of Fedhas.
  7427 | D:7      | Found a shimmering altar of Xom.
  7456 | D:7      | Reached * piety under Okawaru
  7996 | D:8      | Noticed a two-headed ogre
  7999 | D:8      | Found an ancient bone altar of Kikubaaqudgha.
  8244 | D:9      | Reached skill level 10 in Shields
  8270 | D:9      | Noticed a two-headed ogre
  8353 | D:8      | HP: 2/51 [two-headed ogre/+0 giant spiked club (12)]
  8355 | D:8      | Killed a two-headed ogre
  8355 | D:8      | Reached ** piety under Okawaru
  8785 | D:8      | Shot with an arrow by a centaur

Illustrated notes

Levels and vault maps discovered:
D:1:      minmay_arrival_hallway, layout_loops_ring, minmay_3d_cube
D:2:      layout_basic, roderic_lattice_a, minmay_misc_feat_tower,
          kennysheep_big_empty_room, uniq_sigmund
D:3:      layout_loops_ring, nicolae_dithmenos_shadow_blocks,
          lemuel_crystal_altar, serial_undead, serial_undead_a, serial_undead_b,
          serial_undead_f, serial_undead_e, serial_bayou_ford_a
D:4:      layout_basic
D:5:      layout_loops_cross
D:6:      layout_rooms, nicolae_overflow_hidden_temple,
          minmay_temple_entry_stoned_glass
D:7:      layout_loops_corners, chequers_temple_overflow_statue_of_worship,
          kennysheep_crisscross, minmay_lizard_king
D:8:      layout_loops_cross, dancing_weapons_uskayaw, vehumet_statue,
          basic_altar, nicolae_zen_rock_garden
D:9:      layout_basic, nicolae_tso_swordbearing_angel
Temple:   cyrus_circular_temple

Skill      XL: |  1  2  3  4  5  6  7  8  9 |
---------------+----------------------------+-----
Shields        | 4 5 6 7 9 10 | 10.8
Maces & Flails | 3 4 5 6 8 9 |  9.7
Fighting       | |  3.2
Armour         | |  3.2

Action                   |  1- 3 |  4- 6 |  7- 9 || total
-------------------------+-------+-------+-------++-------
Melee: Flail             |    75 |   165 |   439 ||   679
       Dagger            |    55 |    26 |       ||    81
       Hand axe          |       |       |    10 ||    10
       Mace              |       |       |    81 ||    81
       Whip              |       |       |    57 ||    57
Throw: Throwing net      |       |     2 |     3 ||     5
Invok: Heroism           |       |       |     2 ||     2
Evoke: Wand              |       |       |     7 ||     7
  Use: Potion            |       |     2 |     4 ||     6
       Scroll            |       |    12 |     7 ||    19
 Stab: Held in net/web   |       |       |     1 ||     1
Armor: Scale mail        |    77 |   114 |   297 ||   488
Dodge: Dodged            |    59 |    89 |   192 ||   340
Block: Kite shield       |    80 |       |   248 ||   328
       Buckler           |     4 |    58 |    37 ||    99

Table legend: (Time is in decaauts)
 A = Elapsed time spent in this place.
 B = Non-inter-level travel time spent in this place.
 C = Inter-level travel time spent in this place.
 D = Time resting spent in this place.
 E = Time spent auto-exploring this place.
 F = Levels seen in this place.
 G = Mean time per level.
                   A        B        C        D        E       F      G
               +--------+--------+--------+--------+--------+-----+--------+
         Total |   8852 |   8443 |    409 |    973 |   5079 |  10 |  885.2 |
       Dungeon |   8734 |   8325 |    409 |    973 |   5010 |   9 |  970.4 |
        Temple |    118 |    118 |      0 |      0 |     69 |   1 |  118.0 |
               +--------+--------+--------+--------+--------+-----+--------+

Top non-repeatable levels by time:
     D:7: 1796 daAuts
     D:4: 1341 daAuts
     D:5: 1268 daAuts
     D:2: 1078 daAuts
     D:1: 985 daAuts
     D:6: 977 daAuts
     D:3: 622 daAuts
     D:8: 580 daAuts
  Temple: 118 daAuts
     D:9: 83 daAuts
